 Dungeon Crawl Stone Soup version 0.20.1-1-g8b1a95d (webtiles) character file.

28 tidbits the Skirmisher (level 2, -1/26 HPs)
             Began as a Demigod Wanderer on Aug 23, 2017.
             Slain by a river rat (5 damage)
             ... in a sewer.
             The game lasted 00:05:33 (261 turns).

tidbits the Skirmisher (Demigod Wanderer)            Turns: 261, Time: 00:05:33

Health: -1/26      AC:  5    Str: 15    XL:     2   Next: 78%
Magic:  5/5        EV: 10    Int: 16    God:
Gold:   10         SH:  0    Dex: 15    Spells: 1/1 levels left

rFire    . . .     SeeInvis .   a - +2 hand axe
rCold    . . .     Gourm    .   (no shield)
rNeg     . . .     Faith    .   B - +0 ring mail
rPois    .         Spirit   .   (no helmet)
rElec    .         Reflect  .   (no cloak)
rCorr    .         Harm     .   (no gloves)
MR       .....                  (no boots)
Stlth    +.........             (no amulet)
Regen    0.1/turn               (no ring)
MPRegen  0.1/turn               (no ring)

@: no status effects
A: high mp 1
a: no special abilities


You were in a sewer.
You were not hungry.

You visited 1 branch of the dungeon, and saw 3 of its levels.
You also visited: Sewer.

You collected 10 gold pieces.

Inventory:

Hand Weapons
 a - a +2 hand axe (weapon)
Missiles
 e - 25 arrows
Armour
 B - a +0 ring mail (worn)
Scrolls
 b - 2 scrolls of identify {unknown}
 c - a scroll of teleportation
Potions
 f - a potion of magic {unknown}
Comestibles
 d - a bread ration


   Skills:
 + Level 3.1 Fighting
 - Level 2.6 Axes
   Level 1.0 Crossbows
 - Level 1.7 Armour
 - Level 1.0 Stealth
   Level 1.0 Evocations


You had one spell level left.
You didn't know any spells.

Dungeon Overview and Level Annotations

Branches:
Dungeon (3/15)


Innate Abilities, Weirdness & Mutations

You have an increased reservoir of magic. (+10% MP)


Message History

You hit the giant cockroach.
The giant cockroach is heavily wounded.
The giant cockroach misses you.
The giant cockroach bites you but does no damage.
You barely miss the giant cockroach.
The giant cockroach is heavily wounded.
The giant cockroach bites you but does no damage.
You closely miss the giant cockroach.
The giant cockroach is heavily wounded.
The giant cockroach completely misses you.
You hit the giant cockroach.
The giant cockroach is almost dead.
The giant cockroach bites you but does no damage.
The giant cockroach barely misses you.
You barely miss the giant cockroach.
The giant cockroach is almost dead.
The giant cockroach bites you.
You hit the giant cockroach but do no damage.
The giant cockroach is almost dead.
The giant cockroach barely misses you. The giant cockroach closely misses you.
You hit the giant cockroach.
You kill the giant cockroach!
You hit the leopard gecko.
The leopard gecko is heavily wounded.
The leopard gecko bites you.
The leopard gecko bites you but does no damage.
You hit the leopard gecko.
You kill the leopard gecko!
Your Fighting skill increases to level 3!
You hit the worm.
The worm is moderately wounded.
Your ring mail prevents you from hitting the worm.
The worm is moderately wounded.
The worm bites you.
You slash the worm!
The worm is heavily wounded.
The worm bites you!
* * * LOW HITPOINT WARNING * * *
You slash the worm!
The worm is almost dead.
The worm barely misses you.
You barely miss the worm.
The worm is almost dead.
You hit the worm.
The worm is almost dead.
The worm bites you.
* * * LOW HITPOINT WARNING * * *
You hit the worm.
You kill the worm!
Things that are here:
a worm corpse; a leopard gecko corpse; a giant cockroach corpse
Things that are here:
a worm corpse; a leopard gecko corpse; a giant cockroach corpse A goblin and a kobold come into view.
The goblin shouts!
The kobold shouts!
The kobold throws a stone.
The stone hits you but does no damage.
The kobold throws a stone.
The stone hits you but does no damage.
You see here a stone.
You hear the slow rusting of a drain.
The kobold throws a stone.
The stone hits you but does no damage.
You see here a stone.
Things that are here:
a worm corpse; a leopard gecko corpse; a giant cockroach corpse You enter the shallow water.
Moving in this stuff is going to be slow.
There is a glowing drain here.
The world spins around you as you enter the gateway.
You enter a sewer!
There is an empty arch of ancient stone here.
Found a gate leading back out of this place. 3 rats come into view.
A river rat comes into view.
You hit the rat.
You kill the rat!
The rat bites you.
* * * LOW HITPOINT WARNING * * *
You closely miss the rat. You hit the rat.
You kill the rat!
You hit the river rat.
The river rat is lightly wounded.
You barely miss the river rat.
The river rat is lightly wounded.
You barely miss the rat. The rat misses you. The river rat bites you.
* * * LOW HITPOINT WARNING * * *
You barely miss the river rat.
The river rat is lightly wounded.
You closely miss the rat. The rat bites you.
* * * LOW HITPOINT WARNING * * *
The river rat bites you.
* * * LOW HITPOINT WARNING * * *
You slash the river rat!
The river rat is severely wounded.
You barely miss the rat. The rat barely misses you.
The river rat closely misses you. The rat barely misses you.
You hit the river rat but do no damage.
The river rat is severely wounded.
You hit the rat.
You kill the rat!
The river rat bites you.
You die...

.≈.≈≈≈≈≈≈≈≈≈≈≈≈≈
≈≈≈≈≈≈≈≈≈≈≈≈≈≈≈≈≈≈≈≈≈≈
≈≈≈≈≈≈≈≈≈≈≈≈≈≈≈≈≈≈≈≈≈≈≈
≈≈≈≈..≈≈.≈≈≈≈≈≈≈≈≈≈≈≈≈≈≈
..≈≈.......≈≈≈≈≈≈≈≈≈≈≈≈≈
............≈..≈.≈.≈.≈≈≈
....................≈.≈≈
................†......
.............##@r......
..##.......#####......
##..##...### #...#
###..#####..∩# ###
#∩..## ##### #####


You could see a river rat.

Vanquished Creatures
  A worm (D:3)
  2 leopard geckos (D:3)
  6 giant cockroaches
  3 hobgoblins
  3 bats
  3 goblins (D:2)
  A kobold (D:1)
  3 rats (Sewer)
22 creatures vanquished.

Notes
Turn   | Place    | Note
-------+----------+-------------------------------------------
     0 | D:1      | tidbits the Demigod Wanderer began the quest for the Orb.
     0 | D:1      | tidbits set off with: a +2 hand axe, a +0 ring mail, a scroll of teleportation, a bread ration
     0 | D:1      | Reached XP level 1. HP: 17/17 MP: 3/3
    24 | D:1      | Reached skill level 2 in Fighting
   114 | D:2      | Reached XP level 2. HP: 25/25 MP: 5/5
   182 | D:3      | Found a glowing drain.
   211 | D:3      | Reached skill level 3 in Fighting
   237 | Sewer    | Entered a sewer
   261 | Sewer    | Slain by a river rat

Skill      XL: |  1  2 |
---------------+-------+-----
Fighting       | 2 3 |  3.1
Axes           | |  2.6
Crossbows      | |  1.0
Armour         | |  1.7
Stealth        | |  1.0
Evocations     | |  1.0

Action                   || total
-------------------------++-------
Melee: Hand axe          ||    70
 Stab: Sleeping          ||     1
Armor: Ring mail         ||    30
Dodge: Dodged            ||    38

Table legend:
 A = Turns spent in this place as a percentage of turns spent in the entire game.
 B = Non-inter-level travel turns spent in this place as a percentage of non-inter-level travel turns spent in the entire game.
 C = Inter-level travel turns spent in this place as a percentage of turns spent in this place.
 D = Turns resting spent in this place as a percentage of non-inter-level travel turns spent in this place.
 E = Turns spent auto-exploring this place as a percentage of non-inter-level travel turns spent in this place.
 F = Non-inter-level travel turns spent in this place divided by the number of levels of this place that you've seen.
                   A       B       C       D       E      F
               +-------+-------+-------+-------+-------+----------------------
         Total | 100.0 | 100.0 |   0.0 |   0.0 |   0.0 |  66.0
       Dungeon |  90.9 |  90.9 |   0.0 |   0.0 |   0.0 |  80.0
         Sewer |   9.1 |   9.1 |   0.0 |   0.0 |   0.0 |  24.0
               +-------+-------+-------+-------+-------+----------------------

Table legend:
 A = Kills in this place as a percentage of kills in entire the game.
 B = Kills by you in this place as a percentage of kills by you in the entire game.
 C = Kills by friends in this place as a percentage of kills by friends in the entire game.
 D = Other kills in this place as a percentage of other kills in the entire game.
 E = Experience gained in this place as a percentage of experience gained in the entire game.
 F = Experience gained in this place divided by the number of levels of this place that you have seen.
                   A       B       C       D       E      F
               +-------+-------+-------+-------+-------+----------------------
         Total | 100.0 | 100.0 |  -nan |  -nan | 100.0 |  10.2
       Dungeon |  86.4 |  86.4 |  -nan |  -nan |  92.7 |  12.7
         Sewer |  13.6 |  13.6 |  -nan |  -nan |   7.3 |   3.0
               +-------+-------+-------+-------+-------+----------------------

Vault maps used:
D:1:      saegor_arrival_simple_f, minmay_misc_feat_tower
D:2:      lemuel_blue_sif_altar
D:3:      portal_sewer_entry_f
Sewer:    sewer_minmay_treatment
